 Dungeon Crawl Stone Soup version 0.28.0-53-g5a82cb258f (webtiles) character file.

Game seed: 10275895221060288583

1434936 maxonian the Cryomancer (level 26, 206/253 HPs)
             Began as a Naga Hedge Wizard on June 2, 2022.
             Was an Initiate of Gozag.
             Escaped with the Orb
             ... and 3 runes on June 3, 2022!
             The game lasted 04:36:21 (93260 turns).

maxonian the Cryomancer (Naga Hedge Wizard)        Turns: 93260, Time: 04:36:22

Health: 206/253    AC: 26    Str: 15    XL:     26   Next: 99%
Magic:  40/40      EV:  6    Int: 34    God:    Gozag
Gold:   8781       SH: 15    Dex:  8    Spells: 4/61 levels left

rFire   + . .      SeeInvis +   E - staff of cold
rCold   + + .      Faith    .   K - +5 kite shield {reflect}
rNeg    . . .      Spirit   .   z - +2 robe of the Shoals {Archmagi}
rPois   +          Reflect  +   R - +2 helmet {Int+3}
rElec   .          Harm     .   c - +1 cloak {Stlth+}
rCorr   .          Rampage  .   i - +1 pair of gloves
Will    +++..      Archmagi +   M - +0 barding "Miaprauph" {rF+ Str+2}
Stlth   ++........              k - amulet of Ephemeral Luck {RegenMP Int+4}
HPRegen 0.52/turn               s - ring of protection from fire
MPRegen 0.67/turn               B - ring of ice

@: hasted, studying 3 skills, quick
A: AC +8, large, see invisible, deformed body, poison resistance, slowness 2,
spit poison 1, naga tail 2, clumsy 1, low MP 1
0: Orb of Zot
}: 3/15 runes: serpentine, barnacled, silver
a: Spit Poison, Renounce Religion, Potion Petition, Call Merchant, Bribe Branch


You escaped.
You worshipped Gozag.
Gozag was greatly pleased with you.
You visited 10 branches of the dungeon, and saw 49 of its levels.

You collected 25404 gold pieces.
You spent 7807 gold pieces at shops.
You paid 8816 gold pieces to Gozag.

Inventory:

Hand Weapons
 O - the +8 spear of Pyromania {holy, Int+3}
   (You found it on level 2 of the Lair of Beasts)

   It has been blessed by the Shining One to cause great damage to the undead
   and demons.
   Int:       It affects your intelligence (+3).
Armour
 c - a +1 cloak of stealth (worn)
   (You bought it in a shop on level 2 of the Orcish Mines)
 i - a +1 pair of gloves (worn)
   (You found it on level 2 of the Shoals)
 m - the +5 scale mail of the Guilds {Will+ rCorr Str+2 Stlth+}
   (You found it on level 4 of the Snake Pit)

   Str:       It affects your strength (+2).
   rCorr:     It protects you from acid and corrosion.
   Will:      It increases your willpower.
   Stlth:     It makes you more stealthy.
 z - the +2 robe of the Shoals (worn) {Archmagi}
   (You found it on level 2 of the Lair of Beasts)

   Archmagi:  It increases the power of your magical spells.
 K - a +5 kite shield of reflection (worn)
   (You took it off a naga warrior on level 3 of the Snake Pit)
 M - the +0 barding "Miaprauph" (worn) {rF+ Str+2}
   (You acquired it on level 4 of the Lair of Beasts)

   Str:       It affects your strength (+2).
   rF:        It protects you from fire.
 R - a +2 helmet of intelligence (worn)
   (You found it on level 3 of the Elven Halls)
Magical Staves
 a - a staff of air
   (You took it off a centaur warrior on level 8 of the Dungeon)
 b - a staff of conjuration
   (You found it on level 10 of the Dungeon)
 E - a staff of cold (weapon)
   (You found it on level 1 of the Shoals)
Jewellery
 d - a ring of protection from cold
   (You found it on level 1 of the Dungeon)
 g - a +6 ring of intelligence
   (You found it on level 4 of the Snake Pit)
 k - the amulet of Ephemeral Luck (around neck) {RegenMP Int+4}
   (You took it off a deep elf knight on level 1 of the Elven Halls)

   [amulet of magic regeneration]

   It increases your rate of magic regeneration.
   Int:       It affects your intelligence (+4).
 s - a ring of protection from fire (left hand)
   (You found it on level 1 of the Vaults)
 t - the ring "Xuluomm" {+Blink Fly rElec Stlth+}
   (You found it on level 5 of the Vaults)

   [ring of flight]

   rElec:     It insulates you from electricity.
   Fly:       It grants you flight.
   +Blink:    It lets you blink.
   Stlth:     It makes you more stealthy.
 B - a ring of ice (right hand)
   (You found it on level 2 of the Lair of Beasts)
 D - a ring of wizardry
   (You found it on level 2 of the Lair of Beasts)
 J - the ring of False Hope {rN+ SInv}
   (You found it on level 11 of the Dungeon)

   [ring of see invisible]

   rN:        It protects you from negative energy.
   SInv:      It lets you see invisible.
 Q - a ring of resist corrosion
   (You found it on level 3 of the Shoals)
 V - a ring of willpower
   (You bought it in a shop on level 2 of the Orcish Mines)
Wands
 e - a wand of digging (16)
   (You found it on level 10 of the Dungeon)
 H - a wand of iceblast (32)
   (You took it off Pikel on level 6 of the Dungeon)
 P - a wand of acid (19)
   (You found it on level 10 of the Dungeon)
Scrolls
 f - 8 scrolls of fog
 n - 19 scrolls of teleportation {@r4}
 r - 5 scrolls of amnesia
 v - 10 scrolls of fear
 x - 4 scrolls of enchant armour
 y - a scroll of summoning
 L - 5 scrolls of immolation
 N - 3 scrolls of holy word
 T - 5 scrolls of vulnerability
 U - 5 scrolls of magic mapping
Potions
 j - 2 potions of ambrosia
 l - 7 potions of invisibility
 p - 10 potions of brilliance
 q - 11 potions of might
 w - 35 potions of curing {@q1}
 A - 24 potions of heal wounds {@q2}
 C - 3 potions of resistance
 F - 4 potions of cancellation
 G - 7 potions of magic
 I - 5 potions of lignification
 W - 6 potions of mutation
 Y - 6 potions of flight
Miscellaneous
 h - a phial of floods
   (You found it on level 3 of the Elven Halls)
 S - a condenser vane
   (You found it on level 3 of the Elven Halls)
 X - a phantom mirror
   (You found it on level 3 of the Elven Halls)
 Z - a box of beasts
   (You found it on level 1 of the Elven Halls)


   Skills:
 - Level 18.1 Fighting
 + Level 8.5 Armour
 - Level 1.5 Dodging
 - Level 6.6 Stealth
 - Level 10.0 Shields
 - Level 18.0 Spellcasting
 - Level 14.4 Conjurations
 - Level 3.4 Hexes
 - Level 8.0 Summonings
 - Level 1.0 Translocations
 - Level 6.0 Transmutations
 - Level 8.0 Fire Magic
 - Level 26.0 Ice Magic
 - Level 12.6 Air Magic
 - Level 13.7 Earth Magic
 - Level 9.5 Poison Magic


You had 4 spell levels left.
You knew the following spells:

 Your Spells              Type           Power      Damage    Failure   Level
a - Stone Arrow           Conj/Erth      100%       3d13      1%          3
b - Fireball              Conj/Fire      51%        3d20      1%          5
c - Iron Shot             Conj/Erth      56%        9d11      1%          6
d - Polar Vortex          Ice            97%        N/A       4%          9
f - Summon Lightning Spi  Summ/Air       100%       N/A       1%          4
h - Magic Dart            Conj           100%       1d8       0%          1
i - Irradiate             Conj/Tmut      50%        3d30      1%          5
j - Conjure Ball Lightni  Conj/Air       55%        3x3d20    1%          6
k - Freezing Cloud        Conj/Ice/Air   87%        6-21      1%          5
l - Ozocubu's Armour      Ice            100%       N/A       0%          3
v - Slow                  Hex            100%       N/A       1%          1
C - Ozocubu's Refrigerat  Ice            97%        4d24      1%          7
D - Blink                 Tloc           100%       N/A       2%          2

Your spell library contained the following spells:

 Spells                   Type           Power      Damage    Failure   Level
 Freeze                   Ice            100%       1d11      0%          1
 Sandblast                Erth           100%       2d20      0%          1
 Shock                    Conj/Air       100%       1d9       0%          1
 Frozen Ramparts          Ice            100%       1d12      0%          3
 Hailstorm                Conj/Ice       100%       3d20      0%          4
 Apportation              Tloc           100%       N/A       1%          1
 Beastly Appendage        Tmut           100%       N/A       1%          1
 Foxfire                  Conj/Fire      100%       2x1d9     1%          1
 Sting                    Tmut/Pois      100%       1d8       1%          1
 Summon Small Mammal      Summ           100%       N/A       1%          1
 Call Imp                 Summ           91%        N/A       1%          2
 Corpse Rot               Necr/Air       100%       N/A       1%          2
 Passwall                 Tmut/Erth      81%        N/A       1%          2
 Poisonous Vapours        Pois/Air       100%       N/A       1%          2
 Call Canine Familiar     Summ           91%        N/A       1%          3
 Conjure Flame            Conj/Fire      100%       6-21      1%          3
 Dazzling Flash           Conj/Hex       100%       N/A       1%          3
 Ignite Poison            Fire/Tmut/Pois 90%        N/A       1%          3
 Inner Flame              Hex/Fire       81%        N/A       1%          3
 Mephitic Cloud           Conj/Pois/Air  100%       N/A       1%          3
 Summon Guardian Golem    Hex/Summ       81%        N/A       1%          3
 Tukima's Dance           Hex            69%        N/A       1%          3
 Animate Armour           Summ/Erth      100%       N/A       1%          4
 Flame Wave               Conj/Fire      100%       2d17      1%          4
 Ice Form                 Ice/Tmut       100%       N/A       1%          4
 Iskenderun's Mystic Bla  Conj/Tloc      90%        2d18      1%          4
 Leda's Liquefaction      Hex/Erth       46%        N/A       1%          4
 Petrify                  Tmut/Erth      98%        N/A       1%          4
 Summon Ice Beast         Ice/Summ       100%       N/A       1%          4
 Animate Skeleton         Necr           90%        N/A       2%          1
 Pain                     Necr           100%       1d9       2%          1
 Portal Projectile        Hex/Tloc       100%       N/A       2%          3
 Sublimation of Blood     Necr           45%        N/A       3%          2
 Cause Fear               Hex            34%        N/A       5%          4
 Vampiric Draining        Necr           45%        2d9       6%          3
 Passage of Golubria      Tloc           54%        N/A       14%         4
 Iskenderun's Battlesphe  Conj           100%       2d15      1%          5
 Metabolic Englaciation   Hex/Ice        82%        N/A       1%          5
 Simulacrum               Ice/Necr       79%        N/A       1%          6
 Alistair's Intoxication  Tmut/Pois      60%        N/A       2%          5
 Starburst                Conj/Fire      51%        6d14      3%          6
 Blade Hands              Tmut           41%        N/A       4%          5
 Orb of Destruction       Conj           56%        9d14      4%          7
 Summon Mana Viper        Hex/Summ       81%        N/A       6%          5
 Yara's Violent Unravell  Hex/Tmut       38%        3d15      9%          5
 Summon Forest            Summ/Tloc      37%        N/A       10%         5
 Summon Cactus Giant      Summ           45%        N/A       12%         6
 Eringya's Noxious Bog    Tmut/Pois      45%        N/A       14%         6
 Spellforged Servitor     Conj/Summ      51%        N/A       19%         7
 Storm Form               Tmut/Air       48%        N/A       36%         7
 Agony                    Necr           45%        N/A       52%         5
 Excruciating Wounds      Necr           22%        N/A       52%         5
 Monstrous Menagerie      Summ           45%        N/A       56%         7
 Summon Hydra             Summ           45%        N/A       56%         7
 Maxwell's Capacitive Co  Air            54%        ∞         61%         8
 Dragon Form              Tmut           41%        N/A       83%         7
 Malign Gateway           Summ/Tloc      37%        N/A       96%         7
 Ignition                 Fire           45%        3d13      99%         8
 Discord                  Hex            34%        N/A       100%        8
 Disjunction              Tloc           27%        N/A       100%        8
 Chain Lightning          Conj/Air       55%        3d74      100%        9
 Fire Storm               Conj/Fire      51%        8d13      100%        9
 Shatter                  Erth           55%        3d42*     100%        9


Dungeon Overview and Level Annotations

Branches:
Dungeon (15/15)            Temple (1/1) D:7            Lair (6/6) D:8
 Shoals (4/4) Lair:4        Snake (4/4) Lair:2        Slime (0/5) Lair:6
    Orc (2/2) D:12            Elf (3/3) Orc:2        Vaults (5/5) D:13
  Crypt (0/3) Vaults:2     Depths (4/4) D:15            Zot (5/5) Depths:4

Altars:
Ashenzari
Cheibriados
Dithmenos
Elyvilon
Fedhas
Gozag
Hepliaklqana
Kikubaaqudgha
Makhleb
Nemelex Xobeh
Okawaru
Qazlal
Ru
Sif Muna
Trog
Uskayaw
Vehumet
Wu Jian
Xom
Yredelemnul
Zin
The Shining One
Jiyva

Shops:
D:8 (   D:10 !   Orc:2 =*[(*[   Elf:1 *   Elf:2 [   Elf:3 *   Shoals:3 *
Snake:1 (!   Snake:3 =   Snake:4 ==:   Vaults:2 [!*!   Vaults:3 ?   Zot:5 *
Depths:1 (   Depths:3 *   Depths:4 ?*:!!

Portals:
Hell: Depths:1 Depths:2 Depths:3 Depths:4
Abyss: Depths:3 Depths:4
Pandemonium: Depths:2
Ziggurat: Depths:1
Trove: D:12 (give 5 scrolls of blinking)

Annotations:
D:7 2 transporters
D:13 3 runed translucent doors, Faeu's ghost, journeyman MiBe
D:14 Roxanne
D:15 1 runed translucent door, Sensen's ghost, journeyman DrCj
Shoals:1 1 runed translucent door, Gabide's ghost, adept HuMo
Shoals:3 3 runed translucent doors, exclusion: obsidian statue, Bonevoto's ghost, adept DsAr
Shoals:4 1 runed translucent door, destino's ghost, adept DEFE
Orc:2 2 transporters, Infinimo's ghost, journeyman OgGl
Elf:2 3 runed translucent doors
Vaults:3 Jory
Depths:1 1 runed translucent door
Depths:3 1 runed translucent door
Zot:3 2 transporters, exclusion: orange crystal statue, Benoehun's ghost, veteran FeFi; Icycared's ghost, master GrFi; Netemen's ghost, master GnFi
Zot:4 1 runed translucent door, Gabide's ghost, legendary BaDe


Innate Abilities, Weirdness & Mutations

Your serpentine skin is tough. (AC +8)
You have supernaturally acute eyesight. (SInv)
Armour fits poorly on your strangely shaped body.
Your system is resistant to poisons. (rPois)
You cover ground very slowly.
You can spit poison.
You can use your snake-like lower body to constrict enemies.
You are clumsy. (Dex -2)
Your magical capacity is low. (-10% MP)


Message History

Unknown command.
As you read the scroll of fog, it crumbles to dust.
The scroll dissolves into smoke.
Pidgh gestures at you. The bolt of energy hits you!!
Blink to where?
Press: ? - help, Dir - move target
As you read the scroll of blinking, it crumbles to dust.
Unknown command.
A balrug and 4 sun demons come into view.
The balrug is wielding a +1 demon whip of electrocution.
The sun demon shouts!
Casting: Iron Shot (mildly dangerous; 1% risk of failure)
Confirm with . or Enter, or press ? or * to list all spells.
You feel a huge surge of power!
A great freezing vortex appears and lifts you up.
The sun demon hits you!
You are engulfed in flames.
You resist.
You completely miss the sun demon. Your grab misses the sun demon.
The sun demon is heavily wounded.
You kill the sun demon!
The balrug gestures at you.
The fireball explodes!
The fireball engulfs you! You resist.
The fireball engulfs the sun demon.
The sun demon completely resists.
The fireball engulfs the sun demon.
The sun demon completely resists.
The sun demon hits you but does no damage.
You kill the sun demon! x3; You kill the balrug!
A profane servitor comes into view.
It is wielding a +1 demon whip of freezing.
The winds around you start to calm down.
You float gracefully downwards.
You are engulfed in whirling frost.
You are engulfed in whirling frost.
The winds around you calm down.
Your extra speed is starting to run out.
The profane servitor is distracted by your dazzling golden aura.
The profane servitor is no longer distracted by gold.
The profane servitor is distracted by your dazzling golden aura.
Pidgh is distracted by your dazzling golden aura.
You feel yourself slow down.
You feel yourself speed up.
A demonspawn warmonger comes into view.
It is wielding a +5 vorpal double sword, wearing a +2 plate armour of willpower and wearing a +0 kite shield of protection.
Aiming: Dig
Press: ? - help, Shift-Dir - straight line You can't see that place. [a rock wall.]
The rock shatters into small pieces.
Blink to where?
Press: ? - help, Dir - move target
As you read the scroll of blinking, it crumbles to dust.
There is a staircase leading out of the dungeon here.
You have escaped!

##..## ##...# .##..# .##..#
### .....# ###.## ...#.#
##..#.######
.#.#.###.####⌠...⌠#
.#.#...#..###.....#
.#.#.......##.>.@.#
>.......≈≈.##.....#########
##.##...≈≈.#.⌠...⌠#.......#
...##.......#######.#.##..#
########..#.....###.#.##..####
##§# ##>................# #..#
########.##.#...#.# #.##
#.##.......# ######6####
#..........#


There were no monsters in sight!

Vanquished Creatures
  4 dread liches
  4 ancient liches
  7 orbs of fire
  Mara (Vaults:4)
  Sojobo (Vaults:4)
  4 Killer Klowns
  Saint Roka (Vaults:5)
  Bai Suzhen (Vaults:3)
  A curse toe (Zot:5)
  Xtahua (Depths:3)
  10 golden dragons
  A pearl dragon (Depths:4)
  A bone dragon (Depths:4)
  5 electric golems
  A Brimstone Fiend (D:7)
  A Hell Sentinel (Zot:3)
  2 hellephants (Depths:4)
  17 tentacled monstrosities
  A lich (Vaults:1)
  26 Orb Guardians (Zot:5)
  A walking divine tome (Depths:2)
  11 quicksilver dragons
  9 titans
  2 deep elf blademasters (Elf:3)
  7 sphinxes
  4 deep elf master archers (Elf:3)
  5 death cobs
  Frances (Shoals:1)
  12 shadow dragons
  12 storm dragons
  13 tengu reavers
  4 draconian monks
  Ilsuiw (Shoals:2)
  5 draconian knights
  15 frost giants
  2 demonspawn warmongers (Zot:3)
  8 deep elf sorcerers
  8 fire giants
  3 nagarajas
  3 draconian scorchers
  Aizul (Snake:2)
  4 orc warlords
  15 vault wardens
  2 iron dragons
  4 draconian annihilators
  5 draconian stormcallers
  A balrug (D:1)
  An ophan (Depths:4)
  A quicksilver ooze (shapeshifter) (Elf:1)
  5 draconian shifters
  2 war gargoyles (Vaults:1)
  9 very ugly things
  3 spriggan defenders
  10 ironbound thunderhulks
  3 deep elf elementalists (Elf:3)
  An apis (Depths:4)
  16 ironbound preservers
  18 green draconians
  7 stone giants
  A reaper (Zot:3)
  6 black draconians
  A lorocyproca (Zot:5)
  8 spark wasps
  11 red draconians
  2 entropy weavers
  6 dire elephants
  2 vampire knights
  5 yellow draconians
  8 deep elf annihilators
  9 purple draconians
  9 white draconians
  2 deep elf demonologists (Elf:3)
  4 deep elf death magi
  14 ettins
  4 fire dragons
  6 merfolk javelineers
  5 merfolk impalers
  11 yaktaur captains
  4 deep elf high priests
  5 jiangshi (Depths:2)
  4 salamander tyrants
  5 great orbs of eyes
  An ice dragon (shapeshifter) (Vaults:5)
  5 boulder beetles
  2 spriggan air magi
  6 naga warriors
  Josephine (D:10)
  35 vault guards
  2 peacekeepers (Vaults:1)
  2 rakshasas
  3 hydras
  5 ice dragons
  A jorogumo (shapeshifter) (Vaults:5)
  4 catoblepae
  2 merfolk avatars
  9 ironbound frosthearts
  3 anacondas
  6 death yaks
  A two-headed ogre (D:11)
  23 centaur warriors
  A satyr (Shoals:4)
  3 merfolk aquamancers
  6 hell hogs (Depths:4)
  3 ogre magi
  11 deep troll earth magi
  2 alligator snapping turtles
  10 deep troll shamans
  4 vampire magi
  3 tengu warriors
  2 naga sharpshooters (Snake:4)
  A shock serpent (shapeshifter) (Vaults:5)
  4 orc high priests
  Nergalle (Lair:3)
  4 sun demons (D:1)
  2 soul eaters
  7 shock serpents
  12 deep elf knights
  7 hell knights (Depths:1)
  4 spriggans
  8 spriggan berserkers
  12 skeletal warriors
  3 salamander mystics (Snake:4)
  4 shadow demons
  A sixfirhy (Zot:1)
  6 sea snakes
  14 iron trolls
  3 glowing orange brains
  A flayed ghost (Vaults:5)
  43 deep trolls
  2 naga ritualists
  4 lindwurms
  8 wizards
  Pikel (D:6)
  8 deep elf archers
  A sphinx zombie (D:15)
  2 necromancers
  2 phantasmal warriors (Vaults:5)
  21 deep elf zephyrmancers
  7 harpies
  A wolf spider (shapeshifter) (Vaults:5)
  17 orc knights
  16 mana vipers
  5 orc sorcerers
  25 ugly things
  6 cyclopes
  27 deep elf pyromancers
  17 manticores
  16 ironbound convokers
  An oklob plant (Lair:1)
  A fire giant zombie (D:15)
  7 salamanders
  A moth of wrath (shapeshifter) (Depths:2)
  A wolf spider (Vaults:5)
  3 fauns
  30 black mambas
  18 moths of wrath
  5 merfolk sirens
  7 naga magi
  6 elephants
  18 vault sentinels
  2 water nymphs
  2 torpor snails (Lair:6)
  3 guardian serpents (Snake:4)
  A rust devil (Depths:2)
  3 unseen horrors (Depths:3)
  2 orange demons (Zot:1)
  Maggie (D:7)
  13 cane toads
  An unseen horror (shapeshifter) (Vaults:5)
  A tengu conjurer (D:13)
  3 kobold demonologists
  3 freezing wraiths (Vaults:5)
  A rime drake (Lair:6)
  8 komodo dragons
  35 yaktaurs
  9 trolls
  14 merfolk
  A meliai (shapeshifter) (D:15)
  3 wind drakes
  4 hornets
  2 meliai (D:14)
  A polar bear (shapeshifter) (Elf:1)
  A tarantella (Vaults:3)
  4 polar bears
  A blink frog (shapeshifter) (Vaults:5)
  2 hornets (shapeshifter)
  An ettin zombie (D:15)
  8 blink frogs
  35 slime creatures
  6 dream sheep
  A slime creature (shapeshifter) (Vaults:5)
  7 snapping turtles
  2 shadows
  A culicivora (Vaults:2)
  A wraith (D:10)
  22 yaks
  7 air elementals
  28 water elementals
  An ettin skeleton (Vaults:2)
  5 wyverns
  A wyvern (shapeshifter) (Vaults:5)
  2 basilisks
  A hog (Lair:4)
  7 fire elementals
  2 redbacks (Vaults:2)
  A steam dragon (D:7)
  An elf zombie (Vaults:4)
  6 vampire mosquitoes
  A chaos spawn (D:11)
  12 large abominations
  11 nagas
  A warg (D:12)
  2 acid dragons
  10 water moccasins
  A tengu skeleton (D:15)
  A black bear (shapeshifter) (D:15)
  25 orc warriors
  2 black bears
  3 ogres
  2 necrophages
  2 sky beasts
  2 boggarts (Elf:1)
  6 wolves (Lair:6)
  11 centaurs
  2 phantoms
  3 nameless horrors
  4 small abominations (Depths:3)
  6 bullfrogs
  8 earth elementals
  6 scorpions
  A wyvern skeleton (D:7)
  A hornet simulacrum (D:15)
  2 oklob saplings (D:10)
  A howler monkey (D:14)
  2 wights
  2 electric eels (D:9)
  3 hounds
  A jelly (D:6)
  8 orc priests
  A centaur skeleton (D:5)
  2 iguanas (D:6)
  14 orc wizards
  3 gnolls (Orc:2)
  13 adders
  2 ufetubi
  A worm (D:2)
  4 dart slugs
  41 orcs
  8 endoplasms
  2 giant cockroaches (D:4)
  9 goblins
  6 hobgoblins
  3 jackals (D:1)
  10 kobolds
  5 quokkas
  10 ball pythons
  7 bats
  3 frilled lizards (D:2)
  11 rats
  A fire vortex (Depths:3)
1598 creatures vanquished.

Vanquished Creatures (collateral kills)
  Kirke (Lair:4)
  A nagaraja (Snake:4)
  Louise (Snake:1)
  A vault warden (Vaults:4)
  3 ironbound preservers
  2 dire elephants
  A mummy priest (Elf:1)
  A fire dragon (D:13)
  A deep elf high priest (Elf:3)
  2 merfolk impalers
  A hydra (D:15)
  3 boulder beetles
  A vault guard (D:13)
  A naga warrior (Snake:4)
  A salamander tyrant (Snake:4)
  2 ironbound frosthearts
  An alligator snapping turtle (Shoals:4)
  A merfolk aquamancer (Shoals:4)
  An anaconda (Snake:3)
  2 centaur warriors
  A tengu warrior (D:13)
  A two-headed ogre (D:10)
  A death yak (Lair:6)
  A naga sharpshooter (Snake:1)
  2 orc high priests
  2 deep elf knights
  2 skeletal warriors (Vaults:2)
  An iron troll (Depths:1)
  2 deep trolls (Vaults:1)
  2 sea snakes
  A naga ritualist (Snake:4)
  A phantasmal warrior (Vaults:5)
  2 harpies (Shoals:4)
  3 deep elf pyromancers
  2 deep elf zephyrmancers
  4 ugly things
  3 fauns (Shoals:3)
  A stone giant zombie (Vaults:4)
  3 cyclopes
  4 manticores
  10 elephants
  A frost giant skeleton (Vaults:2)
  3 salamanders
  6 black mambas
  A merfolk siren (Shoals:3)
  A naga mage (Snake:4)
  A stone giant skeleton (Vaults:2)
  A fire giant skeleton (Vaults:4)
  A guardian serpent (Snake:3)
  A centaur zombie (D:10)
  2 gargoyles (D:10)
  2 water nymphs (Shoals:2)
  7 cane toads
  A torpor snail (Lair:6)
  4 rime drakes
  7 komodo dragons
  5 human skeletons (Vaults:2)
  2 yaktaur skeletons (Vaults:2)
  A meliai (D:14)
  A troll (Orc:1)
  A polar bear (Lair:6)
  6 merfolk
  13 blink frogs
  2 wind drakes
  12 slime creatures
  4 snapping turtles
  3 dream sheep
  A centaur simulacrum (D:14)
  2 ettin skeletons (Vaults:2)
  2 shadows
  2 wraiths (D:10)
  A wyvern (Lair:6)
  A vampire (D:13)
  Sigmund (D:4)
  2 water elementals
  An elf zombie (Vaults:4)
  5 basilisks
  2 hogs (Lair:3)
  20 yaks
  3 vampire mosquitoes
  Edmund (D:6)
  2 wargs
  12 nagas
  3 acid dragons
  14 water moccasins
  12 orc warriors
  A sky beast (D:7)
  3 black bears
  A swamp drake (Lair:6)
  3 wolves (Lair:6)
  5 ogres
  6 centaurs
  2 lemures (D:6)
  2 phantoms
  Blork the orc (D:6)
  A kobold brigand (D:8)
  7 bullfrogs
  A wyvern zombie (D:8)
  A wyvern skeleton (D:7)
  6 killer bees (D:9)
  14 wights
  A hound (D:4)
  7 jellies
  10 orc priests
  A centaur skeleton (D:7)
  An iguana (D:6)
  13 orc wizards
  A hound zombie (D:5)
  A mummy (D:9)
  A howler monkey zombie (D:7)
  5 adders
  38 orcs
  An endoplasm (D:8)
  2 jackals (D:10)
  12 kobolds (D:8)
  5 ball pythons (D:10)
  13 ball lightnings
419 creatures vanquished.

Vanquished Creatures (others)
  12 dancing weapons
  A moth of wrath (Zot:2)
  An air elemental (Elf:2)
  A water elemental (Elf:2)
  A basilisk (Lair:4)
  3 humans (Lair:4)
  2 yaks (D:9)
  An orc wizard (D:7)
  325 ball lightnings
  A bush (D:10)
  62 fungi
  123 plants
  7 toadstools (D:8)
  16 withered plants (D:15)
556 creatures vanquished.

Grand Total: 2573 creatures vanquished

Notes
Turn   | Place    | Note
-------+----------+-------------------------------------------
     0 | D:1      | maxonian the Naga Hedge Wizard began the quest for the Orb.
     0 | D:1      | Reached XP level 1. HP: 15/15 MP: 4/4
   267 | D:1      | Reached XP level 2. HP: 24/24 MP: 0/6
  1016 | D:1      | Reached skill level 1 in Fighting
  1107 | D:1      | Reached XP level 3. HP: 31/31 MP: 1/7
  1251 | D:1      | Found a faded altar of an unknown god.
  1563 | D:1      | Learned a level 1 spell: Slow
  1566 | D:1      | Learned a level 2 spell: Blink
  1569 | D:1      | Learned a level 2 spell: Call Imp
  2160 | D:2      | Found a shimmering altar of Xom.
  2276 | D:2      | Reached XP level 4. HP: 25/38 MP: 0/9
  3537 | D:2      | Learned a level 3 spell: Mephitic Cloud
  4043 | D:3      | You fall into a shaft and drop 2 floors!
  4043 | D:5      | Entered Level 5 of the Dungeon
  4067 | D:5      | Reached XP level 5. HP: 35/45 MP: 10/10
  4134 | D:5      | Noticed a sky beast
  4146 | D:5      | Noticed a necrophage
  4160 | D:5      | Noticed an ogre
  4313 | D:6      | Reached skill level 5 in Stealth
  4647 | D:5      | Reached XP level 6. HP: 55/55 MP: 7/12
  5492 | D:3      | Found a blossoming altar of Fedhas.
  5500 | D:3      | Learned a level 3 spell: Call Canine Familiar
  5860 | D:4      | Noticed a nameless horror
  6068 | D:4      | Noticed a black bear
  6076 | D:3      | Reached XP level 7. HP: 62/62 MP: 8/13
  6542 | D:4      | Found an iron altar of Okawaru.
  6730 | D:4      | Noticed Sigmund
  6913 | D:4      | Found a stormy altar of Qazlal.
  7654 | D:5      | Reached XP level 8. HP: 54/69 MP: 11/14
  7702 | D:5      | Reached skill level 5 in Summonings
  7947 | D:5      | Reached skill level 1 in Air Magic
  7947 | D:5      | Reached skill level 1 in Poison Magic
  8681 | D:5      | Learned a level 4 spell: Summon Lightning Spire
  8949 | D:6      | Noticed a nameless horror
  8954 | D:6      | Killed a nameless horror
  8968 | D:6      | Reached skill level 5 in Poison Magic
  9145 | D:6      | Reached XP level 9. HP: 31/76 MP: 9/15
  9485 | D:6      | Noticed Edmund
  9509 | D:6      | Killed Edmund
  9910 | D:6      | Reached skill level 5 in Air Magic
  9962 | D:6      | Noticed Pikel
  9975 | D:6      | Killed Pikel
 10111 | D:6      | Noticed Blork the orc
 10126 | D:6      | Killed Blork the orc
 10566 | D:4      | Killed Sigmund
 11028 | D:7      | Reached XP level 10. HP: 84/84 MP: 4/16
 11573 | D:7      | Found a transporter.
 11651 | D:7      | Found a shadowy altar of Dithmenos.
 11659 | D:7      | Found a glowing silver altar of Zin.
 11660 | D:7      | Found a sacrificial altar of Ru.
 11660 | D:7      | Noticed a gargoyle
 11697 | D:7      | Reached skill level 5 in Spellcasting
 11820 | D:7      | Found a transporter.
 11834 | D:7      | Found a staircase to the Ecumenical Temple.
 11843 | Temple   | Entered the Ecumenical Temple
 12176 | Temple   | Became a worshipper of Gozag Ym Sagoz the Greedy
 12377 | D:7      | Noticed Maggie
 12495 | D:8      | Found an ornate altar of the Wu Jian Council.
 13030 | D:8      | Noticed a centaur warrior
 13037 | D:8      | Noticed a centaur warrior
 13046 | D:8      | Noticed a brown ugly thing
 13442 | D:8      | Noticed a deep elf pyromancer
 13457 | D:8      | Killed a deep elf pyromancer
 13581 | D:8      | Found Anadgh's Weapon Shoppe.
 13873 | D:8      | Found a staircase to the Lair.
 14018 | D:8      | Killed a centaur warrior
 14355 | D:8      | Noticed a centaur warrior
 14386 | D:8      | Killed a centaur warrior
 14387 | D:8      | Reached XP level 11. HP: 43/92 MP: 7/20
 14877 | D:8      | Killed a red ugly thing
 14903 | D:8      | Killed a centaur warrior
 15459 | D:9      | Reached skill level 5 in Fighting
 15496 | D:9      | Learned a level 3 spell: Summon Guardian Golem
 15538 | D:9      | Reached skill level 1 in Hexes
 15955 | D:9      | Found a snail-covered altar of Cheibriados.
 16429 | D:10     | Entered Level 10 of the Dungeon
 16487 | D:10     | Noticed a two-headed ogre
 16497 | D:10     | Killed a two-headed ogre
 16832 | D:10     | Noticed Josephine
 16842 | D:10     | Killed Josephine
 17117 | D:10     | Reached skill level 5 in Conjurations
 17160 | D:10     | Found Guheguw's Distillery.
 17171 | D:10     | Bought a potion of haste for 140 gold pieces
 17531 | D:10     | Reached XP level 12. HP: 61/105 MP: 8/23
 17661 | D:10     | Learned a level 5 spell: Freezing Cloud
 17946 | Lair:1   | Entered Level 1 of the Lair of Beasts
 18137 | Lair:1   | Reached skill level 1 in Ice Magic
 18296 | Lair:1   | Reached skill level 2 in Ice Magic
 18602 | Lair:1   | Reached skill level 3 in Ice Magic
 18818 | Lair:1   | Found a white marble altar of Elyvilon.
 19430 | Lair:2   | Reached skill level 4 in Ice Magic
 19678 | Lair:2   | Identified the +2 robe of the Shoals {Archmagi}
 20039 | Lair:2   | Reached skill level 5 in Ice Magic
 20077 | Lair:2   | Got the Reference Book on Mutagenic Displacement
 20303 | Lair:2   | Found a staircase to the Snake Pit.
 20397 | Lair:2   | Identified the +8 spear of Pyromania {holy, Int+3}
 20484 | Lair:2   | Reached skill level 6 in Ice Magic
 20632 | Lair:2   | Gained mutation: You can use your snake-like lower body to
                  | constrict enemies. [Naga growth]
 20632 | Lair:2   | Reached XP level 13. HP: 79/117 MP: 19/26
 20950 | Lair:2   | Learned a level 3 spell: Stone Arrow
 20978 | Lair:3   | Reached skill level 1 in Earth Magic
 21585 | Lair:3   | Noticed Nergalle
 21599 | Lair:3   | Killed Nergalle
 22640 | Lair:4   | Noticed Kirke
 22661 | Lair:4   | Killed Kirke
 23489 | Lair:4   | Reached skill level 10 in Spellcasting
 23557 | Lair:4   | Identified a scroll of acquirement
 23558 | Lair:4   | Acquired the +0 barding "Miaprauph" {rF+ Str+2}
 23589 | Lair:4   | Reached skill level 7 in Ice Magic
 23725 | Lair:4   | Found a staircase to the Shoals.
 24400 | Lair:5   | Reached XP level 14. HP: 129/129 MP: 19/28
 24682 | Lair:5   | Learned a level 6 spell: Conjure Ball Lightning
 25376 | Lair:6   | Entered Level 6 of the Lair of Beasts
 25760 | Lair:6   | Reached skill level 10 in Air Magic
 25894 | Lair:6   | Found a staircase to the Slime Pits.
 25895 | Lair:6   | Found a viscous altar of Jiyva.
 26282 | Lair:6   | Reached skill level 10 in Fighting
 27047 | Lair:6   | Reached skill level 10 in Conjurations
 27867 | Lair:6   | Noticed a dire elephant
 27914 | Lair:6   | Killed a dire elephant
 28354 | D:7      | Killed Maggie
 29027 | D:11     | Reached XP level 15. HP: 138/138 MP: 13/30
 29783 | D:11     | Identified the ring of False Hope {rN+ SInv}
 29859 | D:12     | Found a staircase to the Orcish Mines.
 30135 | D:12     | Found a portal to a secret trove of treasure.
 32314 | D:13     | Found a runed translucent gate.
 32314 | D:13     | Found a runed translucent gate.
 32314 | D:13     | Found a runed translucent gate.
 32318 | D:13     | Noticed Faeu's ghost (journeyman MiBe)
 32858 | D:13     | Found a gate to the Vaults.
 33498 | D:14     | Identified Roxanne's Incunabulum of Transmutation
 33498 | D:14     | Noticed Roxanne
 33509 | D:14     | Found a hazy altar of Hepliaklqana.
 33945 | D:15     | Entered Level 15 of the Dungeon
 34136 | D:15     | Learned a level 5 spell: Irradiate
 34193 | D:15     | Reached skill level 1 in Transmutations
 34893 | D:15     | Found a runed translucent door.
 34893 | D:15     | Found a shimmering altar of Xom.
 34893 | D:15     | Noticed Sensen's ghost (journeyman DrCj)
 35274 | D:15     | Reached XP level 16. HP: 82/146 MP: 21/32
 35500 | D:15     | Found a staircase to the Depths.
 35516 | D:15     | Reached skill level 5 in Transmutations
 36200 | D:15     | Reached skill level 1 in Armour
 36200 | D:15     | Reached skill level 1 in Shields
 36447 | D:15     | Identified the +4 arbalest "Gyk Kes" {elec, rPois}
 37036 | Orc:1    | Entered Level 1 of the Orcish Mines
 37722 | Orc:2    | Entered Level 2 of the Orcish Mines
 37749 | Orc:2    | Noticed Infinimo's ghost (journeyman OgGl)
 37775 | Orc:2    | Found a transporter.
 37775 | Orc:2    | Found a transporter.
 37801 | Orc:2    | Found a bloodstained altar of Trog.
 38098 | Orc:2    | Found a staircase to the Elven Halls.
 38746 | Orc:2    | Reached skill level 5 in Armour
 38948 | Orc:2    | Found Zuneyg's Antique Armour Emporium.
 38949 | Orc:2    | Found Onifoxak's Antique Weapon Shoppe.
 38951 | Orc:2    | Found Ofubb's General Store.
 38951 | Orc:2    | Found Pushruklo's Jewellery Emporium.
 38984 | Orc:2    | Bought a heavily runed ring mail for 198 gold pieces
 38984 | Orc:2    | Identified the +5 ring mail of Thoughtfulness {Harm rPois
                  | rC+ Dex+2} (You bought it in a shop on level 2 of the
                  | Orcish Mines)
 38984 | Orc:2    | Bought a glowing cloak for 165 gold pieces
 39006 | Orc:2    | Bought a potion of heal wounds for 60 gold pieces
 39171 | Orc:2    | Bought a scroll of magic mapping for 94 gold pieces
 39171 | Orc:2    | Bought a potion of heal wounds for 135 gold pieces
 39171 | Orc:2    | Bought a scroll of fog for 54 gold pieces
 39171 | Orc:2    | Bought a scroll of fear for 94 gold pieces
 39383 | Snake:1  | Entered Level 1 of the Snake Pit
 39628 | Snake:1  | Found Maipoa's Weapon Shop.
 39633 | Snake:1  | Found Akhleqoh's Distillery.
 39647 | Snake:1  | Noticed Louise
 39913 | Orc:2    | Bought a ring of willpower for 400 gold pieces
 40193 | Snake:1  | Killed Louise
 40299 | Snake:1  | Bought a potion of haste for 160 gold pieces
 40299 | Snake:1  | Bought a potion of curing for 48 gold pieces
 40299 | Snake:1  | Bought a potion of invisibility for 128 gold pieces
 40299 | Snake:1  | Bought a potion of heal wounds for 80 gold pieces
 40299 | Snake:1  | Bought a potion of haste for 160 gold pieces
 40299 | Snake:1  | Bought 2 potions of brilliance for 128 gold pieces
 40299 | Snake:1  | Bought a potion of lignification for 48 gold pieces
 40343 | Snake:1  | Found a shimmering altar of Xom.
 40712 | Snake:2  | Reached skill level 5 in Shields
 41313 | Snake:2  | Noticed Aizul
 41320 | Snake:2  | Killed Aizul
 41783 | Snake:3  | Reached XP level 17. HP: 151/157 MP: 18/33
 42102 | Snake:3  | Learned a level 3 spell: Ozocubu's Armour
 43154 | Snake:3  | Found Luosa's Jewellery Emporium.
 43819 | Snake:4  | Entered Level 4 of the Snake Pit
 44356 | Snake:4  | Identified the +5 scale mail of the Guilds {Will+ rCorr
                  | Str+2 Stlth+}
 44666 | Snake:4  | Found Heryrez's Book Boutique.
 44666 | Snake:4  | Found Jomyviub's Jewellery Emporium.
 44667 | Snake:4  | Found Iniez's Jewellery Emporium.
 45259 | Snake:4  | Noticed a quicksilver dragon
 45259 | Snake:4  | Noticed a quicksilver dragon
 45443 | Snake:4  | Killed a quicksilver dragon
 45443 | Snake:4  | Killed a quicksilver dragon
 45784 | Snake:4  | Got a serpentine rune of Zot
 45977 | Snake:4  | Learned a level 5 spell: Fireball
 46142 | Shoals:1 | Entered Level 1 of the Shoals
 46157 | Shoals:1 | Reached skill level 1 in Fire Magic
 46452 | Lair:4   | Reached skill level 10 in Shields
 47559 | Shoals:1 | Noticed Frances
 47580 | Shoals:1 | Killed Frances
 47581 | Shoals:1 | Reached XP level 18. HP: 142/168 MP: 10/35
 47591 | Shoals:1 | Reached skill level 5 in Fire Magic
 47719 | Shoals:1 | Found a runed translucent door.
 47719 | Shoals:1 | Found a shimmering altar of Xom.
 47719 | Shoals:1 | Noticed Gabide's ghost (adept HuMo)
 47723 | Shoals:1 | Identified the +2 ring mail "Roletiv" {Fly rElec rPois
                  | Will-}
 48622 | Shoals:2 | Noticed Ilsuiw
 48636 | Shoals:2 | Killed Ilsuiw
 49293 | Shoals:3 | Found a runed translucent gate.
 49296 | Shoals:3 | Found a runed translucent gate.
 49312 | Shoals:3 | Found a runed translucent gate.
 49376 | Shoals:3 | Found an opulent altar of Gozag.
 49406 | Shoals:3 | Noticed Bonevoto's ghost (adept DsAr)
 49406 | Shoals:3 | Found Teihek's Assorted Antiques.
 49842 | Shoals:4 | Entered Level 4 of the Shoals
 51151 | Shoals:4 | Got a barnacled rune of Zot
 51398 | Shoals:4 | Found a runed translucent door.
 51403 | Shoals:4 | Noticed destino's ghost (adept DEFE)
 52858 | Elf:1    | Entered Level 1 of the Elven Halls
 53945 | Elf:1    | Reached XP level 19. HP: 178/178 MP: 30/36
 53968 | Elf:1    | Found Ydghixt's General Store.
 54438 | Elf:1    | Identified the amulet of Ephemeral Luck {RegenMP Int+4}
 54660 | Elf:1    | Found a shimmering blue altar of Sif Muna.
 54845 | Elf:2    | Reached skill level 8 in Ice Magic
 55013 | Elf:2    | Paralysed by an air elemental for 1 turns
 55366 | Elf:2    | Reached skill level 9 in Ice Magic
 55430 | Elf:2    | Found a runed translucent gate.
 55440 | Elf:2    | Found a runed translucent gate.
 55440 | Elf:2    | Found a runed translucent gate.
 55507 | Elf:2    | Identified the +9 short sword "Will" {freeze, Str+5}
 55519 | Elf:2    | Paralysed by an air elemental for 1 turns
 55522 | Elf:2    | Reached skill level 10 in Ice Magic
 55522 | Elf:2    | Paralysed by an air elemental for 1 turns
 56155 | Elf:2    | Found Duasm's Armour Emporium.
 56248 | Elf:3    | Entered Level 3 of the Elven Halls
 56608 | Elf:3    | Found Oryaryo's General Store.
 57448 | Elf:3    | Reached skill level 11 in Ice Magic
 57576 | Elf:3    | Identified the +7 scimitar "Weyr" {vorpal, rN++ Str+4
                  | Int-3}
 57949 | Elf:3    | Identified the amulet "Kadi" {+Blink rElec rF- Regen+}
 58111 | Elf:3    | Reached skill level 12 in Ice Magic
 59227 | Elf:3    | Reached skill level 13 in Ice Magic
 59591 | Elf:3    | Got the Catalogue of Shifting Conjuration
 59593 | Elf:3    | Identified the +3 cloak of the Tick {*Slow Str+5}
 59610 | Elf:3    | Identified the +3 hunting sling of the Mind {freeze, rC+++
                  | Str+7 Dex-4}
 59974 | Elf:3    | Paralysed by an air elemental for 1 turns
 59977 | Elf:3    | Paralysed by an air elemental for 1 turns
 61073 | Vaults:1 | Entered Level 1 of the Vaults
 61201 | Vaults:1 | Reached XP level 20. HP: 188/188 MP: 29/37
 61272 | Vaults:1 | Learned a level 7 spell: Ozocubu's Refrigeration
 61500 | Vaults:1 | Identified the +1 robe of Fuyb {Dex+7}
 61522 | Vaults:1 | Reached skill level 14 in Ice Magic
 62314 | Vaults:1 | Reached skill level 15 in Ice Magic
 63583 | Vaults:2 | Reached skill level 16 in Ice Magic
 63869 | Vaults:2 | Found Ylyfiama's Antique Armour Shoppe.
 63877 | Vaults:2 | Bought a scorched ring mail for 306 gold pieces
 63877 | Vaults:2 | Identified the +0 ring mail "Kaosoib" {-Cast rElec rCorr
                  | Str+8} (You bought it in a shop on level 2 of the Vaults)
 63877 | Vaults:2 | Bought a heavily runed troll leather armour for 680 gold
                  | pieces
 63877 | Vaults:2 | Identified the +8 troll leather armour of the Trilobite
                  | {*Corrode rC+ Regen+ Str+8 Dex-4} (You bought it in a shop
                  | on level 2 of the Vaults)
 63877 | Vaults:2 | Bought distressingly furry ice dragon scales for 2210 gold
                  | pieces
 63877 | Vaults:2 | Identified the +5 ice dragon scales of the Baker {+Blink
                  | +Inv rF- rC++ Regen+ Stlth+} (You bought it in a shop on
                  | level 2 of the Vaults)
 64139 | Vaults:2 | Found Roej Suaja's Distillery.
 64164 | Vaults:2 | Bought a potion of magic for 128 gold pieces
 64164 | Vaults:2 | Bought 2 potions of curing for 96 gold pieces
 64164 | Vaults:2 | Bought a potion of curing for 48 gold pieces
 64164 | Vaults:2 | Bought a potion of heal wounds for 80 gold pieces
 64164 | Vaults:2 | Bought a potion of curing for 48 gold pieces
 64164 | Vaults:2 | Bought a potion of might for 64 gold pieces
 64164 | Vaults:2 | Bought a potion of heal wounds for 80 gold pieces
 64164 | Vaults:2 | Bought a potion of heal wounds for 80 gold pieces
 64164 | Vaults:2 | Bought a potion of brilliance for 64 gold pieces
 64164 | Vaults:2 | Bought a potion of resistance for 160 gold pieces
 64538 | Vaults:2 | Reached skill level 17 in Ice Magic
 65030 | Vaults:2 | Found Peunod's Distillery.
 65038 | Vaults:2 | Bought a potion of magic for 120 gold pieces
 65038 | Vaults:2 | Bought a potion of haste for 150 gold pieces
 65038 | Vaults:2 | Bought a potion of resistance for 150 gold pieces
 65038 | Vaults:2 | Bought a potion of cancellation for 120 gold pieces
 65160 | Vaults:2 | Found Qiodilyz's General Store.
 65207 | Vaults:2 | Reached XP level 21. HP: 195/195 MP: 11/38
 65374 | Vaults:2 | Found a staircase to the Crypt.
 65856 | Vaults:3 | Found Lyzihyno's Magic Scroll Shoppe.
 65880 | Vaults:3 | Bought a scroll of blinking for 135 gold pieces
 65880 | Vaults:3 | Bought a scroll of fog for 36 gold pieces
 65880 | Vaults:3 | Bought a scroll of teleportation for 54 gold pieces
 65880 | Vaults:3 | Bought a scroll of teleportation for 54 gold pieces
 65880 | Vaults:3 | Bought a scroll of teleportation for 54 gold pieces
 65880 | Vaults:3 | Bought a scroll of magic mapping for 63 gold pieces
 66296 | Vaults:3 | Noticed Bai Suzhen
 66319 | Vaults:3 | Reached skill level 18 in Ice Magic
 66620 | Vaults:3 | Killed Bai Suzhen
 67173 | Vaults:3 | Noticed Jory
 67540 | Vaults:4 | Reached skill level 19 in Ice Magic
 67956 | Vaults:4 | Noticed Sojobo
 68143 | Vaults:4 | Paralysed by an air elemental for 1 turns
 68146 | Vaults:4 | Paralysed by an air elemental for 1 turns
 68147 | Vaults:4 | Killed Sojobo
 68248 | Vaults:4 | Noticed Mara
 68253 | Vaults:4 | Killed Mara
 68981 | Vaults:4 | Reached skill level 20 in Ice Magic
 70044 | Vaults:4 | Reached XP level 22. HP: 177/204 MP: 19/39
 70258 | Vaults:4 | Identified the +1 robe "Viongili" {Int+3}
 70279 | Vaults:4 | Reached skill level 21 in Ice Magic
 70877 | Depths:1 | Entered Level 1 of the Depths
 71274 | Depths:1 | Found Arhoz's Weapon Emporium.
 71298 | Depths:1 | Found a one-way gateway to a ziggurat.
 71652 | Depths:1 | Reached skill level 22 in Ice Magic
 71736 | Depths:1 | Found a basalt altar of Yredelemnul.
 71761 | Depths:1 | You fall into a shaft and drop 1 floor!
 71971 | Depths:1 | Found a runed translucent door.
 71971 | Depths:1 | Noticed a juggernaut
 71971 | Depths:1 | Noticed a juggernaut
 72421 | Depths:1 | Found a gateway to Hell.
 72937 | Vaults:5 | Entered Level 5 of the Vaults
 72946 | Vaults:5 | Reached skill level 23 in Ice Magic
 73079 | Vaults:5 | Identified the amulet of Epsu {RegenMP rC+ rCorr}
 73640 | Vaults:5 | Reached XP level 23. HP: 160/211 MP: 7/40
 73851 | Vaults:5 | Noticed Saint Roka
 73855 | Vaults:5 | Killed Saint Roka
 74083 | Vaults:5 | Identified the ring "Xuluomm" {+Blink Fly rElec Stlth+}
 74386 | Vaults:5 | Reached skill level 24 in Ice Magic
 74450 | Vaults:5 | Noticed a dread lich
 74459 | Vaults:5 | Killed a dread lich
 74522 | Vaults:5 | Identified the +3 mace of Bloody Death {freeze, Fly Will+
                  | Str-2}
 74550 | Vaults:5 | Identified the amulet "Jofida Cucvo" {Acrobat +Inv Regen+
                  | rCorr Dex+5}
 74969 | Vaults:5 | Got the Catalogue of Warped Transformation
 75376 | Vaults:5 | Reached skill level 15 in Spellcasting
 75656 | Vaults:5 | Noticed an ancient lich
 75662 | Vaults:5 | Killed an ancient lich
 75721 | Vaults:5 | Got a silver rune of Zot
 75770 | Vaults:5 | Identified the +7 chain mail of Nonefod {-Tele rF++ rN+++
                  | Int-2}
 76458 | Vaults:5 | Noticed a golden dragon
 76464 | Vaults:5 | Killed a golden dragon
 76700 | Vaults:5 | Learned a level 9 spell: Polar Vortex
 76785 | Vaults:5 | Noticed an ancient lich
 76792 | Vaults:5 | Killed an ancient lich
 77750 | Depths:2 | Identified the amulet "Ynikh" {Spirit rPois}
 78829 | Depths:2 | Found a one-way gate leading to the halls of Pandemonium.
 79213 | Depths:3 | Noticed Xtahua
 79216 | Depths:3 | Reached XP level 24. HP: 218/218 MP: 0/44
 79352 | Depths:3 | Found Neejeirch's Assorted Antiques.
 79361 | Depths:3 | Learned a level 6 spell: Iron Shot
 79373 | Depths:3 | Killed Xtahua
 79447 | Depths:3 | Found a one-way gate to the infinite horrors of the Abyss.
 81120 | Depths:3 | Found a runed translucent door.
 81142 | Depths:3 | Found a runed translucent door.
 81142 | Depths:3 | Noticed a dread lich
 81177 | Depths:3 | Found an opulent altar of Gozag.
 81421 | Depths:3 | Killed a dread lich
 81588 | Depths:4 | Entered Level 4 of the Depths
 81676 | Depths:4 | Reached skill level 15 in Fighting
 82168 | Depths:4 | Reached skill level 25 in Ice Magic
 82856 | Depths:4 | Found Gopaeweo's General Store.
 82893 | Depths:4 | Found Faagar's Magic Scroll Boutique.
 82901 | Depths:4 | Bought a scroll of blinking for 135 gold pieces
 83128 | Depths:4 | Found a gate to the Realm of Zot.
 83203 | Depths:4 | Found Xuajanik's Book Boutique.
 83325 | Depths:4 | Found a glowing silver altar of Zin.
 83325 | Depths:4 | Found a glowing golden altar of the Shining One.
 83325 | Depths:4 | Found a white marble altar of Elyvilon.
 83457 | Depths:4 | Found Vucet's Distillery.
 83494 | Depths:4 | Found Kegih's Distillery.
 83502 | Depths:4 | Bought 2 potions of heal wounds for 250 gold pieces
 83502 | Depths:4 | Bought a potion of resistance for 250 gold pieces
 83502 | Depths:4 | Bought a potion of brilliance for 100 gold pieces
 83603 | Zot:1    | Entered Level 1 of the Realm of Zot
 83641 | Zot:1    | Reached XP level 25. HP: 213/236 MP: 1/44
 85934 | Zot:1    | Reached skill level 26 in Ice Magic
 86365 | Zot:2    | Identified the +2 chain mail of Noxzuev {+Blink Str-3
                  | Dex+2}
 86433 | Zot:3    | Found a transporter.
 86442 | Zot:3    | Noticed Netemen's ghost (master GnFi)
 86444 | Zot:3    | Found a transporter.
 86446 | Zot:3    | Noticed Icycared's ghost (master GrFi)
 86450 | Zot:3    | Noticed Benoehun's ghost (veteran FeFi)
 86458 | Zot:3    | Noticed an orb of fire
 87065 | Zot:3    | You fall into a shaft and drop 1 floor!
 87196 | Zot:4    | Noticed an orb of fire
 87201 | Zot:4    | Killed an orb of fire
 87387 | Zot:3    | Noticed a Killer Klown
 87392 | Zot:3    | Killed a Killer Klown
 87531 | Zot:3    | Identified the +1 robe "Sipta Zeetu" {Contam Str+9 Slay-6
                  | SInv}
 87559 | Zot:3    | Reached skill level 5 in Earth Magic
 88016 | Zot:3    | Identified the +10 whip "Qaunybb" {elec, rC+ rN+ Stlth+}
 88052 | Zot:3    | Identified the ring of Wilips {Ice rElec Str-3 Stlth+}
 88936 | Zot:4    | Reached XP level 26. HP: 253/253 MP: 6/45
 88938 | Zot:4    | Noticed an orb of fire
 89451 | Zot:4    | Killed an orb of fire
 89635 | Zot:4    | Found a runed translucent door.
 90318 | Zot:4    | Noticed Gabide's ghost (legendary BaDe)
 90354 | Zot:5    | Entered Level 5 of the Realm of Zot
 90842 | Zot:5    | Found Muecvu's Changing Room.
 91045 | Zot:5    | Reached skill level 10 in Earth Magic
 91520 | Zot:5    | Noticed an orb of fire
 91521 | Zot:5    | Noticed an orb of fire
 91522 | Zot:5    | Noticed an orb of fire
 91523 | Zot:5    | Gained mutation: Your magical capacity is low. (-10% MP)
                  | [an orb of fire]
 91525 | Zot:5    | Gained mutation: You are clumsy. (Dex -2) [an orb of fire]
 91526 | Zot:5    | Killed an orb of fire
 91526 | Zot:5    | Killed an orb of fire
 91527 | Zot:5    | Killed an orb of fire
 91527 | Zot:5    | Noticed an orb of fire
 91535 | Zot:5    | Killed an orb of fire
 91535 | Zot:5    | Noticed a dread lich
 91537 | Zot:5    | Noticed an ancient lich
 91537 | Zot:5    | Noticed a Killer Klown
 91538 | Zot:5    | Killed a dread lich
 91539 | Zot:5    | Noticed an orb of fire
 91541 | Zot:5    | Noticed an ancient lich
 91550 | Zot:5    | Noticed a Killer Klown
 91550 | Zot:5    | Noticed a Killer Klown
 91551 | Zot:5    | Killed an orb of fire
 91555 | Zot:5    | Killed a Killer Klown
 91556 | Zot:5    | Noticed a dread lich
 91563 | Zot:5    | Killed a dread lich
 91567 | Zot:5    | Killed an ancient lich
 91577 | Zot:5    | Killed an ancient lich
 91583 | Zot:5    | Killed a Killer Klown
 91584 | Zot:5    | Killed a Killer Klown
 92671 | Zot:5    | Got the Orb of Zot
 92720 | Zot:5    | Noticed Giseucum the pandemonium lord
 92977 | D:13     | Noticed Tean the pandemonium lord
 93148 | D:7      | Noticed Sogaxuwk the pandemonium lord
 93229 | D:1      | Noticed Pidgh the pandemonium lord
 93260 | D:$      | Escaped with the Orb!

Illustrated notes

Levels and vault maps discovered:
D:1:      amcnicky_arrival_gap_in_the_tavern_cellar, layout_loops_cross,
          ebering_ecumenical_altar_hall
D:2:      minmay_alternating_diamond, layout_basic, basic_altar
D:3:      layout_loops_ring, fedhas_altar_3, minmay_misc_feat_iff, hex_large
D:4:      layout_cave_pods, mainiacjoe_overflow_six_doors_small,
          lemuel_crystal_altar, st_stairs_8, grunt_ministairs_8, uniq_sigmund
D:5:      layout_loops_ring
D:6:      layout_loops_ring, uniq_pikel, uniq_blork_the_orc, uniq_edmund
D:7:      layout_cave_pools, gammafunk_temple_overflow_arena,
          minmay_temple_entry_waves, uniq_maggie
D:8:      cheibrodos_fertilizer, layout_basic, nzn_wu_jian_contemplation,
          lair_entry_dummy, serial_shops, kennysheep_little_box,
          minmay_tree_intersection, minivault_19, minmay_evil_grid
D:9:      layout_big_octagon, slow_altar_2, water_maze_lemuel
D:10:     layout_loops_ring, serial_glass, glass_columns_a, glass_columns_c,
          serial_shops, shop, grunt_decor_junction, introduction_to_nature_2,
          uniq_josephine
D:11:     layout_loops_ring, roderic_roman_lattice, kennysheep_decorative_pillar
D:12:     layout_long_grid, david_orc_3, nicolae_trove_entry_isolated,
          kennysheep_generic_room_7
D:13:     layout_rooms, david_vaults_5, gammafunk_ghost_hydra_chop,
          grunt_ministairs_7, hex_medium, solitary_fountain,
          lemuel_flamethrower_3
D:14:     layout_cave_pools, nicolae_hepliaklqana_hazy_memory, uniq_roxanne
D:15:     gammafunk_depths_entry_grave, layout_basic, ebering_ghost_xom,
          kennysheep_kite_vault
Temple:   minmay_temple_curvy_branch
Lair:1:   layout_regular_city, lemuel_oklob_altar
Lair:2:   layout_regular_city, guppyfry_snake_entry_garden, grunt_megastairs_3,
          serial_bayou_shore_b, infiniplex_staircase_pool_2, lemuel_fruit_tree
Lair:3:   nzn_winding_woodlands_three_and_one
          [nzn_winding_woodlands_5x15_sidewinder,
          nzn_winding_woodlands_5x15_lazy_stream,
          nzn_winding_woodlands_5x15_split_checker,
          nzn_winding_woodlands_center_lodge], layout_misc_corridors,
          minivault_23, chequers_serial_rivers_small_3, uniq_nergalle
Lair:4:   layout_hall_layers, minmay_shoals_entry_lonely_mermaid,
          beast_lair_carwin_6, grunt_megastairs_5, uniq_kirke
Lair:5:   layout_roguey
Lair:6:   grunt_lair_end_beastmaster, layout_regular_city, slime_altar_1,
          st_stairs_4, pond
Shoals:1: cheibrodos_shoals_baths, layout_shoals, ebering_ghost_xom,
          uniq_frances
Shoals:2: layout_shoals, uniq_ilsuiw
Shoals:3: layout_shoals, ebering_ghost_gozag
Shoals:4: shoals_end_hangedman, layout_shoals, ebering_ghost_reflecting_pool,
          yaktaur_hedge
Snake:1:  layout_onion_interference, basic_altar, minmay_shop_star, uniq_louise
Snake:2:  layout_rooms, nicolae_snake_lava_pool, uniq_aizul
Snake:3:  cheibrodos_snake_ritualist_ritual, layout_cave_pods, serial_shops,
          nicolae_diamond_shop, corexii_hall_statues_u, grunt_ministairs_12,
          grunt_megastairs_2
Snake:4:  hellmonk_snake_rune_quicksilver_temple, layout_cave_shapes,
          minmay_shop_grove, grunt_megastairs_1
Orc:1:    layout_caves
Orc:2:    st_orc_congregation, layout_diamond_mine,
          gammafunk_ghost_wrathful_warriors
Elf:1:    eino_elf_arrival_shootout, layout_gridlike, serial_shops, shop,
          hangedman_elf_represent, hangedman_summoners_spam
Elf:2:    nicolae_elf_blades_crystal_corner, layout_gridlike, serial_aquarium,
          aquarium_bridge_straight [aquarium_subvault_bridge,
          aquarium_subvault_window, aquarium_subvault_bridge,
          aquarium_subvault_wall], aquarium_window_fake, aquarium_window_corner,
          aquarium_view_2e, aquarium_view_2c, serial_shops, nicolae_shop_trees
Elf:3:    minmay_elf_hall_not_hex, layout_rooms, serial_shops, shop,
          nicolae_elf_loose_elemental_storage
Vaults:1: v_misc_13, vaults_standard_mumra_enter_the_diamond, v_misc_9,
          nicolae_vaults_mini_display_case, st_more_cells, v_misc_22,
          vaults_dpeg_encased_lava, v_misc_24, grunt_vaults_bifocal, v_misc_33,
          ontoclasm_vaults_gateway, vaults_room_door_ring, vaults_dpeg_diagonal,
          layout_vaults_maze
Vaults:2: vaults_mumra_chevron, vaults_mumra_minichess,
          ontoclasm_vaults_loading_screen, v_rooms_2, v_misc_4, v_misc_29,
          hangedman_vaults_restitches, ontoclasm_vaults_eye,
          minmay_crypt_entry_skeletal_spiral, vaults_room_mumra_shop_pool,
          layout_vaults_chaotic_city, serial_shops, nicolae_shop_stone, shop,
          shop
Vaults:3: grunt_vaults_swirl, nicolae_vaults_what_the_h, hangedman_vaults_slice,
          v_misc_3, ontoclasm_vaults_chip, nicolae_vaults_theta,
          nicolae_vaults_little_squares_4, nicolae_vaults_asterisk,
          layout_vaults_omnigrid, serial_shops, nicolae_shop_waterfront,
          uniq_jory, uniq_bai_suzhen
Vaults:4: nicolae_vaults_network_quincunx
          [nicolae_vaults_network_quincunx_subvault,
          nicolae_vaults_network_quincunx_subvault,
          nicolae_vaults_network_quincunx_subvault,
          nicolae_vaults_network_quincunx_subvault,
          nicolae_vaults_network_quincunx_subvault], hangedman_vaults_slither,
          v_misc_28, hangedman_vaults_corner_blocks, vaults_room_door_hall,
          ontoclasm_vaults_idyll, vaults_dpeg_ring, nicolae_vaults_network_star,
          nicolae_vaults_holding_cells, vaults_room_grunt_arrival_ludios,
          layout_vaults_omnibox, uniq_mara, uniq_sojobo
Vaults:5: uniq_saint_roka
Depths:1: layout_cave_pools, enter_ziggurat_a, pf_hell_entry_great_geh,
          lemuel_statue_altar, serial_shops, nicolae_shop_bloodbath_and_beyond,
          minmay_hidden_floor
Depths:2: minmay_ambush_box, layout_long_grid, kennysheep_cross_room,
          hell_entry, rand_demon_pan_entry_4
Depths:3: cheibrodos_witchhunters_guild, layout_cave_pools,
          minmay_room_of_horrors, hangedman_coc_ice_floe, serial_shops,
          nicolae_shop_overgrown_old_shop, old_standard_altar,
          minmay_mirror_moons_of_madness, uniq_xtahua
Depths:4: grunt_crosshair, layout_cave_shapes, abyss_entry, serial_shops,
          nicolae_shop_advertising_works [nicolae_subvault_shop_adworks],
          nicolae_shop_behind_doors, shop, shop, nicolae_shop_stone,
          grunt_hell_horde, nicolae_sextant, hallowed_hall
Zot:1:    layout_cathedral_of_symmetry, nicolae_lava_and_water,
          st_small_dragon_hoard_1, hangedman_swamp_dais
Zot:2:    layout_concentric_octagons, grunt_ministairs_13, st_stairs_12
Zot:3:    layout_cathedral_of_symmetry, nzn_ghost_randoct
Zot:4:    layout_onion_interference, ebering_ghost_reflecting_pool
Zot:5:    layout_misc_corridors, lemuel_baited_zot_trap,
          nicolae_transmutations_shop

Skill      XL: |  1  2  3  4  5  6  7  8  9 10 11 12 13 14 15 16 17 18 19 20 21 22 23 24 25 26 |
---------------+-------------------------------------------------------------------------------+-----
Fighting       | 1 2 3 4 6 7 9 10 11 12 13 16 18 | 18.1
Stealth        | 4 5 6 |  6.6
Conjurations   | 2 3 5 7 8 10 12 13 14 | 14.4
Spellcasting   | 4 6 7 9 10 11 12 13 17 18 | 18.0
Summonings     | 4 5 7 8 |  8.0
Air Magic      | 4 7 8 9 11 12 | 12.6
Poison Magic   | 5 9 |  9.5
Hexes          | 3 |  3.4
Ice Magic      | 6 7 13 17 20 23 24 25 26 | 26.0
Earth Magic    | 4 7 13 | 13.7
Transmutations | 4 6 |  6.0
Armour         | 5 8 |  8.5
Shields        | 5 10 | 10.0
Fire Magic     | 4 8 |  8.0
Dodging        | |  1.5
Translocations | |  1.0

Action                   |  1- 3 |  4- 6 |  7- 9 | 10-12 | 13-15 | 16-18 | 19-21 | 22-24 | 25-27 || total
-------------------------+-------+-------+-------+-------+-------+-------+-------+-------+-------++-------
Melee: Dagger            |    14 |    49 |     7 |     6 |       |       |       |       |       ||    76
       Punch             |     1 |       |     2 |     3 |     2 |       |       |       |       ||     8
       Whip              |       |       |   104 |    67 |       |       |       |       |       ||   171
       Staff             |       |       |       |    88 |    22 |     4 |    64 |    11 |    11 ||   200
       Spear             |       |       |       |    15 |       |     2 |    11 |       |       ||    28
       Unarmed           |       |       |       |       |     6 |       |       |       |       ||     6
       Constrict         |       |       |       |       |     8 |     2 |    15 |     2 |     3 ||    30
 Cast: Magic Dart        |    93 |   157 |    80 |    23 |       |       |       |       |       ||   353
       Call Canine Famil |       |     1 |    31 |    22 |     1 |       |       |       |       ||    55
       Call Imp          |       |     1 |       |       |       |       |       |       |       ||     1
       Mephitic Cloud    |       |       |     3 |    32 |    32 |     6 |     2 |       |       ||    75
       Summon Lightning  |       |       |    17 |   109 |   128 |   151 |    56 |    10 |       ||   471
       Summon Guardian G |       |       |       |     3 |     1 |       |       |       |       ||     4
       Freezing Cloud    |       |       |       |    13 |    42 |    72 |     6 |       |       ||   133
       Stone Arrow       |       |       |       |       |   323 |   304 |   108 |    44 |       ||   779
       Conjure Ball Ligh |       |       |       |       |    44 |    67 |    31 |       |       ||   142
       Irradiate         |       |       |       |       |       |    13 |     9 |    13 |     4 ||    39
       Fireball          |       |       |       |       |       |   137 |    88 |    25 |       ||   250
       Ozocubu's Armour  |       |       |       |       |       |    23 |    33 |    10 |     3 ||    69
       Ozocubu's Refrige |       |       |       |       |       |       |   242 |   410 |   154 ||   806
       Polar Vortex      |       |       |       |       |       |       |       |    37 |    55 ||    92
       Iron Shot         |       |       |       |       |       |       |       |    11 |   117 ||   128
Invok: Call Merchant     |       |       |       |       |       |     2 |       |       |       ||     2
       Potion Petition   |       |       |       |       |       |       |     5 |       |     9 ||    14
 Abil: Spit Poison       |    12 |    13 |     3 |       |       |       |       |       |       ||    28
Evoke: Wand              |       |       |       |       |       |       |       |       |     1 ||     1
  Use: Scroll            |       |     1 |     1 |     7 |    17 |     7 |     8 |     5 |    13 ||    59
       Potion            |       |       |       |       |     1 |       |     2 |     1 |    11 ||    15
 Stab: Distracted        |       |       |     1 |     8 |     1 |       |     1 |       |       ||    11
       Confused          |       |       |     1 |     5 |     1 |       |     1 |       |       ||     8
       Sleeping          |       |       |       |     1 |       |       |     1 |       |       ||     2
       Betrayed ally     |       |       |       |     1 |       |       |       |       |       ||     1
       Invisible         |       |       |       |       |       |       |       |       |     2 ||     2
Armor: Robe              |     8 |    53 |    55 |     7 |    91 |   153 |   126 |    77 |    64 ||   634
       Leather armour    |       |       |       |   119 |       |       |       |       |       ||   119
Dodge: Dodged            |    21 |    46 |    54 |    94 |    62 |    55 |    60 |    26 |    23 ||   441
       Repelled          |       |       |       |     8 |     1 |     2 |       |       |       ||    11
Block: Other             |       |    12 |    38 |    36 |       |       |       |       |       ||    86
       Reflection        |       |       |     3 |     3 |       |    29 |    43 |     6 |     3 ||    87
       Buckler           |       |       |       |       |       |     3 |       |       |       ||     3
       Kite shield       |       |       |       |       |       |   101 |   173 |    67 |    53 ||   394
